Map: Dusk Towers

Players

Happy

  • Race: Terran Terran
  • League: Diamond

FireCake - Winner!

  • Race: Zerg Zerg
  • League: Master

Event: DreamHack ROCCAT LotV Championship

VOD

Have the link to the VOD?

Description

Time

  • Played on: Nov. 26, 2015, 11:29 a.m.
  • Length: 8:18

All games in this series

Show
View Real Time Build Order
Export as new Build Order

Happy Terran 

Build Orders: Reaper Expand, MMM Bio 

Get SALT Encoding   

  12  0:00  SCV  
  13  0:13  SCV  
  14  0:17  Supply Depot  
  14  0:25  SCV  
  15  0:39  SCV  
  15  0:40  Barracks  
  16  0:44  Refinery  
  16  0:51  SCV  
  17  1:03  SCV  
  18  1:15  SCV  
  19  1:27  Reaper  
  19  1:28  Orbital Command  
  20  1:40  Command Center  
  20  1:46  Refinery  
  20  1:53  SCV  
  21  1:57  Supply Depot  
  21  2:06  SCV  
  22  2:09  Factory  
  22  2:17  Barracks Reactor  
  22  2:18  SCV  
  23  2:31  SCV  
  24  2:43  SCV  
  25  2:53  Orbital Command  
  25  2:55  Starport  
  25  3:03  SCV  
  26  3:06  Hellion x2  
  26  3:08  Marine  
  31  3:14  Armory  
  31  3:17  SCV  
  32  3:20  SCV  
  33  3:27  Hellion  
  33  3:29  SCV, Hellion  
  33  3:30  Marine  
  39  3:35  SCV  
  39  3:41  SCV, Medivac  
  41  3:48  SCV, Marine  
  44  3:52  Supply Depot  
  45  3:58  SCV  
  46  4:13  SCV x2  
  46  4:14  Factory Tech Lab  
  46  4:15  Command Center  
  46  4:16  Marine x2  
  50  4:22  Refinery  
  50  4:25  SCV  
  54  4:38  Supply Depot x2  
  54  4:42  SCV x2, Marine  
  54  4:53  Barracks x2  
  54  4:59  Marine  
  54  5:00  Siege Tank, Marine  
  54  5:02  Starport Reactor  
  54  5:05  SCV  
  60  5:08  SCV  
  60  5:12  Engineering Bay x2  
  60  5:13  Supply Depot  
  60  5:17  Marine  
  61  5:24  Marine  
  61  5:27  SCV  
  61  5:28  Orbital Command  
  63  5:31  SCV  
  63  5:32  Siege Tank  
  63  5:33  Refinery  
  63  5:34  Supply Depot  
  67  5:40  Barracks Tech Lab x2  
  67  5:42  Medivac x2  
  69  5:47  Terran Infantry Weapons Level 1, Terran Infantry Armor Level 1  
  69  5:48  SCV  
  72  5:56  SCV  
  71  5:58  Orbital Command  
  71  6:00  SCV, Supply Depot  
  71  6:02  Stimpack  
  72  6:05  Combat Shields  
  72  6:08  SCV  
  73  6:12  SCV  
  73  6:17  Marine  
  75  6:20  SCV, Marine  
  75  6:25  Supply Depot  
  77  6:26  SCV x2, Barracks  
  77  6:28  Barracks  
  77  6:31  Siege Tank  
  77  6:32  Marine  
  82  6:33  Marine  
  82  6:37  SCV  
  82  6:39  Supply Depot, SCV  
  86  6:40  Hellion  
  86  6:41  SCV, Hellion  
  86  6:44  Medivac x2  
  86  6:45  Marine  
  92  6:49  SCV  
  92  6:50  Marine  
  92  6:51  Marauder  
  94  6:54  SCV  
  94  6:58  SCV, Marine  
  94  7:00  Supply Depot  
  96  7:01  SCV  
  96  7:03  Marine  
  96  7:05  Supply Depot  
  96  7:06  SCV  
  96  7:08  Siege Tank  
  99  7:10  Marine  
  99  7:12  SCV, Marauder  
  101  7:16  SCV  
  101  7:17  Marauder  
  101  7:18  SCV, Missile Turret  
  101  7:21  Barracks Reactor x2  
  101  7:22  Barracks  
  105  7:23  Medivac  
  105  7:24  SCV  
  105  7:29  Supply Depot  
  96  7:47  Marine  
  96  7:48  Marauder x2, Marine  
Show
View Real Time Build Order
Export as new Build Order

FireCake Zerg - Winner!

Build Orders: Pool First 

Get SALT Encoding   

  12  0:01  Drone  
  13  0:08  Drone  
  14  0:17  Overlord  
  14  0:23  Drone, Extractor  
  15  0:35  Drone x2  
  17  0:44  Spawning Pool  
  17  0:48  Drone  
  17  1:07  Extractor  
  17  1:09  Hatchery  
  15  1:13  Drone  
  15  1:16  Drone  
  17  1:20  Drone  
  18  1:31  Queen  
  20  1:33  Zergling x2  
  20  1:37  Drone  
  22  1:48  Overlord  
  22  2:06  Queen  
  22  2:07  Drone  
  25  2:24  Hatchery  
  24  2:30  Drone x2  
  24  2:34  Drone  
  24  2:35  Drone  
  28  2:37  Drone  
  28  2:41  Drone  
  28  2:42  Drone  
  31  2:46  Drone  
  31  2:51  Overlord  
  32  2:55  Drone  
  32  2:56  Drone  
  33  3:05  Overlord  
  33  3:08  Roach Warren  
  33  3:10  Queen  
  34  3:16  Drone  
  34  3:17  Drone x3  
  34  3:19  Drone  
  39  3:20  Drone  
  40  3:33  Drone x4  
  44  3:38  Queen  
  46  3:50  Roach  
  46  3:51  Roach x3  
  46  3:53  Drone x4  
  46  3:55  Extractor  
  57  3:56  Extractor  
  57  3:57  Overlord  
  56  4:07  Overlord  
  56  4:08  Overlord  
  56  4:18  Drone x7  
  63  4:25  Overlord  
  63  4:27  Roach x3  
  69  4:32  Overlord  
  69  4:35  Roach x2  
  73  5:00  Drone x12  
  73  5:05  Lair  
  85  5:12  Evolution Chamber  
  85  5:13  Evolution Chamber  
  83  5:17  Drone x2  
  83  5:18  Overlord  
  83  5:19  Overlord  
  83  5:20  Overlord  
  85  5:22  Drone  
  86  5:35  Drone, Extractor  
  86  5:36  Extractor  
  86  5:37  Drone x3, Extractor  
  86  5:38  Zerg Missile Weapons Level 1  
  86  5:39  Drone x2  
  86  5:40  Drone  
  90  5:44  Drone  
  90  5:45  Drone x4  
  94  6:04  Glial Reconstitution  
  94  6:05  Zerg Ground Armor Level 1  
  94  6:06  Roach x13  
  120  6:14  Overseer  
  120  6:16  Overlord  
  120  6:17  Overlord  
  120  6:19  Overlord  
  120  6:23  Hatchery  
  119  6:26  Overlord  
  119  6:34  Roach  
  119  6:35  Roach x4  
  129  6:42  Roach x7  
  143  6:48  Roach  
  145  6:55  Roach x2  
  145  6:57  Overlord  
  149  7:02  Overlord  
  149  7:04  Overlord  
  149  7:08  Overlord x3  
  149  7:12  Ravager x5  
  154  7:19  Ravager x4  
  154  7:22  Roach x6  
  176  7:23  Roach x3  
  151  7:46  Roach  
  151  7:47  Roach x11  
  152  7:54  Roach x6  

Tags
 
Add a new tag
Caveats
  • Supply blocks, unpowered buildings, or Contaminate may cause inaccurate times.
  • Supply counts are checked every 10 seconds.